 Dungeon Crawl Stone Soup version 0.25-a0-972-g74ed164fb1 (webtiles) character file.

Game seed: 16156125303841727450, levelgen mode: deterministic

3180 FrogZ the Cleaver (level 9, -1/75 HPs)
             Began as a Demonspawn Berserker on May 9, 2020.
             Was an Elder of Trog.
             Succumbed to a killer bee's poison
             ... on level 7 of the Dungeon.
             The game lasted 00:26:27 (8142 turns).

FrogZ the Cleaver (Demonspawn Berserker)            Turns: 8142, Time: 00:26:28

Health: -1/75      AC: 11    Str: 20    XL:     9   Next: 63%
Magic:  9/9        EV: 10    Int:  8    God:    Trog [****..]
Gold:   405        SH:  0    Dex: 14    Spells: 8/8 levels left

rFire    + . .     SeeInvis .   n - +0 hand axe (vorpal)
rCold    + . .     Gourm    .   (no shield)
rNeg     . . .     Faith    .   q - +2 scale mail {rC+}
rPois    .         Spirit   .   (no helmet)
rElec    .         Reflect  .   w - +0 cloak
rCorr    .         Harm     .   (no gloves)
MR       .....                  (no boots)
Stlth    ..........             (no amulet)
HPRegen  0.22/turn              (no ring)
MPRegen  0.11/turn              (no ring)

@: lethally poisoned (-1 -> -45), berserk cooldown, slowed, very slow
A: iridescent scales 1, fire resistance 1, powered by pain 2, flame cloud
immunity
a: Berserk, Trog's Hand, Brothers in Arms, Renounce Religion


You were on level 7 of the Dungeon.
You worshipped Trog.
Trog was greatly pleased with you.
You were not hungry.

You visited 1 branch of the dungeon, and saw 8 of its levels.

You collected 405 gold pieces.

Inventory:

Hand Weapons
 n - a +0 vorpal hand axe (weapon)
Armour
 q - a +2 scale mail of cold resistance (worn)
 w - a +0 cloak (worn)
Jewellery
 a - an uncursed ring of fire
Wands
 d - a wand of flame (40)
 t - a wand of paralysis (10)
Scrolls
 b - a scroll of random uselessness {unknown}
 e - 5 scrolls of teleportation {unknown}
 g - a scroll of enchant armour {unknown}
 h - 2 scrolls of fog {unknown}
 l - 3 scrolls of remove curse {unknown}
 r - 2 scrolls of blinking
 s - 3 scrolls of identify
 u - a scroll of immolation {unknown}
 v - a scroll of enchant weapon {unknown}
 x - a scroll of holy word {unknown}
Potions
 f - a potion of stabbing
 i - a potion of heal wounds
 j - a potion of ambrosia {unknown}
 k - 3 potions of cancellation {unknown}
 m - 5 potions of mutation {unknown}
 o - a potion of magic {unknown}
 p - 2 potions of degeneration {unknown}
Comestibles
 c - 8 rations


   Skills:
 + Level 8.4 Fighting
 * Level 10.5 Axes
 - Level 1.7 Armour
 - Level 1.7 Dodging


You had 8 spell levels left.
You didn't know any spells.
Your spell library was empty.

Dungeon Overview and Level Annotations

Branches:
Dungeon (8/15)             Temple (0/1) D:6
   Lair: D:8-11

Altars:
Elyvilon
Hepliaklqana
Kikubaaqudgha
Nemelex Xobeh
Sif Muna
Vehumet
Zin

Shops:
D:4 *


Innate Abilities, Weirdness & Mutations

You are partially covered in iridescent scales. (AC +2)
Your flesh is heat resistant. (rF+)
You sometimes gain power by taking damage.
You are immune to clouds of flame.


Message History

You feel sick. The killer bee stings you.
* * * LOW HITPOINT WARNING * * *
You are more poisoned.
The killer bee poisons you!
You slash the killer bee!
You kill the killer bee!
Trog accepts your kill.
* * * LOW HITPOINT WARNING * * *
You feel sick.
You are too berserk!
There is a lethal amount of poison in your body!
* * * LOW HITPOINT WARNING * * *
You feel very sick.
You feel a strong urge to attack something.
* * * LOW HITPOINT WARNING * * *
You feel very sick.
You are no longer berserk.
You are exhausted.
You feel yourself slow down.
You die...

..##.##....#......>...#
..#...##...#..#...#####
#.#....#...'..#...#
#......#...'.##...#
#.....##...'.##...##
#.....#....#.##.#..#
.....##....#.##.#..#
...###....##.##.##†##
#........##.....@..>#
#......###....#######
##.#####.....##
.###........##
..........###
......##### #######


There were no monsters in sight!

Vanquished Creatures
  The ghost of chipmonk the Blocker, a novice DDFi (D:6)
  The ghost of Zentennen the Conjurer, a novice OpWz of Uskayaw (D:7)
  Eustachio (D:4)
  Menkaure (D:5)
  3 ice beasts
  A black bear (D:6)
  2 ogres (D:4)
  A centaur (D:7)
  4 bullfrogs
  2 scorpions (D:6)
  9 killer bees
  A howler monkey (D:5)
  2 bullfrog zombies
  3 crimson imps
  2 jellies (D:5)
  A hound (D:6)
  An orc wizard (D:4)
  Terence (D:3)
  An iguana (D:3)
  6 worker ants
  A worker ant zombie (D:6)
  4 gnolls (D:6)
  7 adders
  2 shadow imps (D:6)
  2 white imps (D:7)
  2 worker ant simulacra (D:7)
  An adder zombie (D:5)
  5 worms
  2 dart slugs (D:2)
  3 leopard geckos
  11 orcs
  13 bats
  4 giant cockroaches
  11 goblins
  6 hobgoblins
  3 jackals (D:2)
  11 kobolds
  2 quokkas
  2 ball pythons
  5 frilled lizards
  A jackal simulacrum (D:7)
  5 rats
147 creatures vanquished.

Notes
Turn   | Place    | Note
-------+----------+-------------------------------------------
     0 | D:1      | FrogZ the Demonspawn Berserker began the quest for the Orb.
     0 | D:1      | Reached XP level 1. HP: 18/18 MP: 1/1
   150 | D:1      | Reached skill level 3 in Axes
   164 | D:1      | Gained mutation: You are partially covered in iridescent
                  | scales. (AC +2) [demonic ancestry]
   164 | D:1      | Reached XP level 2. HP: 22/24 MP: 2/2
   874 | D:2      | Reached ** piety under Trog
   874 | D:2      | Reached XP level 3. HP: 28/29 MP: 3/3
  1219 | D:2      | Found a glowing silver altar of Zin.
  1346 | D:2      | Reached skill level 4 in Axes
  1346 | D:2      | Reached XP level 4. HP: 33/37 MP: 4/4
  2877 | D:3      | Noticed Terence
  2888 | D:3      | Killed Terence
  2888 | D:3      | Gained mutation: You sometimes gain a little power by
                  | taking damage. [demonic ancestry]
  2888 | D:3      | Reached XP level 5. HP: 42/42 MP: 5/5
  3266 | D:3      | Reached *** piety under Trog
  3462 | D:4      | Noticed Eustachio
  3493 | D:4      | Noticed an ogre
  3499 | D:4      | Killed an ogre
  3499 | D:4      | Reached skill level 5 in Axes
  3607 | D:4      | Gained mutation: You sometimes gain power by taking damage.
                  | [demonic ancestry]
  3607 | D:4      | Reached XP level 6. HP: 44/49 MP: 6/6
  3659 | D:4      | Found Punkekei's General Store.
  4042 | D:4      | Reached skill level 5 in Fighting
  4116 | D:4      | Killed Eustachio
  4116 | D:4      | Reached skill level 6 in Axes
  4116 | D:4      | Gained mutation: Your flesh is heat resistant. (rF+)
                  | [demonic ancestry]
  4116 | D:4      | Reached XP level 7. HP: 56/56 MP: 7/7
  4271 | D:4      | Found a white marble altar of Elyvilon.
  4457 | D:5      | Entered Level 5 of the Dungeon
  4801 | D:5      | Noticed Menkaure
  4804 | D:5      | Reached skill level 7 in Axes
  5103 | D:5      | Killed Menkaure
  5263 | D:5      | Identified the cursed +1 falchion of Valour {freeze, *Slow
                  | rElec rPois rC+}
  5269 | D:5      | Reached XP level 8. HP: 64/64 MP: 8/8
  5776 | D:6      | Found a staircase to the Ecumenical Temple.
  5790 | D:6      | Reached skill level 8 in Axes
  6297 | D:6      | Found a shimmering blue altar of Sif Muna.
  6302 | D:6      | Found a runed translucent door.
  6454 | D:6      | Noticed chipmonk's ghost (novice DDFi)
  6640 | D:6      | Found a radiant altar of Vehumet.
  6663 | D:6      | Found a hazy altar of Hepliaklqana.
  6665 | D:6      | Found a sparkling altar of Nemelex Xobeh.
  6723 | D:6      | Killed chipmonk's ghost
  6723 | D:6      | Reached **** piety under Trog
  6723 | D:6      | Reached skill level 9 in Axes
  6723 | D:6      | Gained mutation: You are immune to clouds of flame.
                  | [demonic ancestry]
  6723 | D:6      | Reached XP level 9. HP: 72/72 MP: 9/9
  6924 | D:7      | Found a runed translucent gate.
  6924 | D:7      | Found a runed translucent gate.
  6924 | D:7      | Found a runed translucent gate.
  6947 | D:7      | Noticed Zentennen's ghost (novice OpWz)
  6981 | D:7      | Found an ancient bone altar of Kikubaaqudgha.
  7928 | D:7      | Reached skill level 10 in Axes
  8021 | D:7      | Killed Zentennen's ghost
  8124 | D:8      | Noticed a queen bee
  8140 | D:7      | HP: 5/112 [poisoned by a killer bee]
  8141 | D:7      | HP: 2/112 [poisoned by a killer bee]
  8142 | D:7      | Succumbed to a killer bee's poison

Illustrated notes

Levels and vault maps discovered:
D:1:      enne_arrival_octagon_isle, layout_loops_ring, minivault_26,
          serial_bayou_pond_c, hangedman_decor_lopped
D:2:      layout_loops_ring, old_standard_altar, hangedman_decor_opposing
D:3:      layout_basic, first_ration, uniq_terence
D:4:      layout_cave_pools, nicolae_overflow_crystal_walls, serial_shops, shop,
          uniq_eustachio
D:5:      layout_basic, uniq_menkaure
D:6:      layout_rooms, vehumet_altar_wand_db, nicolae_overflow_hidden_temple,
          minmay_temple_entry_trees, ebering_ghost_sewer_d
D:7:      layout_basic, old_standard_altar, gammafunk_ghost_icy
D:8:      layout_basic, trog_ov_bears_minmay, serial_shops, shop,
          david_nohive_1, nicolae_ru_path_of_blood

Skill      XL: |  1  2  3  4  5  6  7  8  9 |
---------------+----------------------------+-----
Axes           | 3 4 5 6 7 9 10 | 10.5
Fighting       | 4 5 6 7 8 |  8.4
Armour         | |  1.7
Dodging        | |  1.7

Action                   |  1- 3 |  4- 6 |  7- 9 || total
-------------------------+-------+-------+-------++-------
Melee: Hand axe          |   174 |   181 |   279 ||   634
Invok: Berserk           |       |     5 |    10 ||    15
  Use: Scroll            |       |       |     5 ||     5
       Potion            |       |       |     3 ||     3
  Eat: Chunk             |     2 |     6 |    10 ||    18
       Ration            |       |     2 |     4 ||     6
Armor: Chain mail        |   126 |    58 |       ||   184
       Scale mail        |       |    42 |   163 ||   205
Dodge: Dodged            |    65 |    82 |   179 ||   326

Table legend:
 A = Non-vault XP
 B = Vault XP
 C = Vault XP percentage of total XP
 D = Non-vault monster count
 E = Vault monster count
 F = Vault count percentage of total count
                 A         B        C        D         E       F
            +---------+---------+-------+---------+---------+-------
      Total |    2047 |    2497 |  55.0 |     122 |      25 |  17.0
            +---------+---------+-------+---------+---------+-------
        D:1 |      36 |       0 |   0.0 |      23 |       0 |   0.0
        D:2 |      77 |       0 |   0.0 |      27 |       0 |   0.0
        D:3 |      89 |      38 |  29.9 |      24 |       1 |   4.0
        D:4 |     408 |     197 |  32.6 |      13 |       1 |   7.1
        D:5 |     455 |     172 |  27.4 |      12 |       1 |   7.7
        D:6 |     672 |     754 |  52.9 |      17 |       5 |  22.7
        D:7 |     310 |    1207 |  79.6 |       6 |      15 |  71.4
        D:8 |       0 |     129 | 100.0 |       0 |       2 | 100.0
            +---------+---------+-------+---------+---------+-------
